 Dungeon Crawl Stone Soup version 0.32-a0-953-g508020473e (webtiles) character file.

Game seed: 16958951324332622021

758 zenocrate the Ruffian (level 7, -1/48 HPs)
             Began as an Octopode Fighter on Apr 16, 2024.
             Was an Initiate of Gozag.
             Slain by a phantom (2 damage)
             ... on level 4 of the Dungeon.
             The game lasted 00:03:50 (4065 turns).

zenocrate the Ruffian (Octopode Fighter)            Turns: 4065, Time: 00:03:51

Health: -1/48      AC:  1    Str: 15    XL:     7   Next: 80%
Magic:  0/7        EV: 12    Int: 11    God:    Gozag
Gold:   258        SH:  5    Dex: 13    Spells: 3/6 levels left

rFire   + . .        b - +6 whip
rCold   . . .        a - +0 buckler
rNeg    . . .        (helmet restricted)
rPois   .            e - amulet of guardian spirit
rElec   .            r - ring of protection from fire
rCorr   .            (no ring)
SInv    .            (no ring)
Will    .....        (no ring)
Stlth   ++           (no ring)
HPRegen 0.28/turn    (no ring)
MPRegen 0.10/turn    (no ring)
                     (no ring)

%: guardian spirit
@: weakened, hasted, very quick
A: almost no armour, amphibious, 8 rings, camouflage 1, gelatinous body 1,
(nimble swimmer 1), tentacles
a: Renounce Religion, Potion Petition, Call Merchant, Bribe Branch


You were on level 4 of the Dungeon.
You worshipped Gozag.
Gozag was aware of your devotion.
You visited 2 branches of the dungeon, and saw 5 of its levels.

You collected 352 gold pieces.
You paid 94 gold pieces to Gozag.

Inventory:

Hand Weapons
 b - a +6 whip (weapon)
Armour
 a - a +0 buckler (worn)
Jewellery
 e - an amulet of guardian spirit (around mantle)
 r - a ring of protection from fire (left tentacle)
Talismans
 g - a storm talisman
Wands
 n - a wand of polymorph (5)
Scrolls
 d - 2 scrolls of revelation
 f - 2 scrolls of immolation
 i - a scroll of identify {unknown}
 k - a scroll of teleportation {unknown}
 o - a scroll of butterflies {unknown}
Potions
 c - a potion of attraction {unknown}
 h - a potion of haste
 j - a potion of heal wounds {unknown}
 l - a potion of degeneration {unknown}
 m - a potion of enlightenment {unknown}
 q - a potion of invisibility {unknown}


   Skills:
 - Level 4.3 Fighting
 - Level 3.0 Dodging
 + Level 4.9 Shields
 + Level 5.6 Unarmed Combat
 + Level 3.4 Shapeshifting


You had 3 spell levels left.
You knew the following spells:

 Your Spells              Type           Power      Damage    Failure   Level
a - Confusing Touch       Hex            0%         N/A       80%         3

Your spell library contained the following spells:

 Spells                   Type           Power      Damage    Failure   Level
 Kiss of Death            Conj/Necr      0%         2d5       41%         1
 Hailstorm                Conj/Ice       0%         3d5       80%         3
 Dispel Undead            Necr           0%         3d6       99%         4
 Martyr's Knell           Necr/Summ      0%         N/A       99%         4
 Metabolic Englaciation   Hex/Ice        0%         N/A       100%        5
 Monstrous Menagerie      Summ           0%         N/A       100%        7


Dungeon Overview and Level Annotations

Branches:
Dungeon (4/15)             Temple (1/1) D:4

Altars:
Cheibriados
Dithmenos
Fedhas
Gozag
Makhleb
Nemelex Xobeh
Okawaru
Qazlal
Ru
Trog
Uskayaw
Vehumet
Wu Jian
Xom
Zin
The Shining One


Innate Abilities, Weirdness & Mutations

You cannot wear most types of armour.
You are amphibious.
You can wear up to eight rings at the same time.
Your skin changes colour to match your surroundings (Stealth+).
Your rubbery body absorbs attacks. (AC +1, EV +1)
((You are camouflaged when in or above water. (Stealth+)))
You have tentacles for arms and can constrict up to eight enemies at once.


Message History

You feel your attacks grow feeble.
You hit the phantom.
The phantom is lightly damaged.
The phantom hits you. The gnoll bouda barely misses you.
You hit the phantom but do no damage.
The phantom is lightly damaged.
The phantom hits you!
The phantom blinks!
You blink.
You hit the phantom. Your squeeze misses the phantom.
The phantom is lightly damaged.
Your attacks no longer feel as feeble.
You block the gnoll bouda's attack. The phantom hits you.
The gnoll bouda attacks as it pursues you!
The gnoll bouda hits you with a +0 club!
The phantom hits you but does no damage.
The phantom hits you.
The phantom blinks!
You blink.
The gnoll bouda gazes fiercely through you!
You feel your attacks grow feeble.
Okay, then.
The phantom attacks as it pursues you! You block the phantom's attack.
You see here a +0 leather armour.
You open the door.
An orc comes into view. It is wielding a +0 short sword.
The phantom hits you!
A quokka comes into view.
The phantom attacks as it pursues you! You block the phantom's attack.
The gnoll bouda gazes fiercely through you!
You feel as though you will be weak longer.
The ogre attacks as it pursues you!
The ogre hits you with a +0 giant club!!
* * * LOW HITPOINT WARNING * * *
The orc shouts!
There is an open door, spattered with blood here.
Okay, then.
It was a potion of haste.
You feel yourself speed up.
You hear a shout!
The orc hits you with a +0 short sword.
* * * LOW HITPOINT WARNING * * *
The phantom hits you.
You die...
Your body crumbles into a pile of gold.

#.........###§..§..§.
##'##...####
##.§....§ #..##...#
##§§...# #..######
##...## #..#
#######...## #..#
#........... ##..##
### #.##########
##ß..ß##..# #)# #.
+.....W@o.# #.# #.#
#..##gO#..# #.# #.#
### ####..# #.# #.#
..# #.#######.## .r#
#..(..).#.## ..#
#######.#.#. ..#
#.#... ..# #.#...
#...##


You could see an ogre, a phantom, a gnoll bouda, an orc and a quokka.

Vanquished Creatures
  Grinder (D:4)
  Duvessa (D:4)
  2 lemures (D:4)
  Dowan (D:4)
  A hound (D:4)
  An iguana (D:4)
  Natasha (thrice) (D:4)
  A sleepcap (D:3)
  12 gnolls
  5 adders
  3 ribbon worms
  4 dart slugs
  4 orcs (D:4)
  13 endoplasms
  4 giant cockroaches
  14 goblins
  6 hobgoblins
  A jackal (D:2)
  7 kobolds
  A quokka (D:1)
  5 ball pythons
  6 bats
  6 frilled lizards
  9 rats
111 creatures vanquished.

Notes
Turn   | Place    | Note
-------+----------+-------------------------------------------
     0 | D:1      | zenocrate the Octopode Fighter began the quest for the Orb.
     0 | D:1      | Reached XP level 1. HP: 16/16 MP: 1/1
    45 | D:1      | Found a large runed translucent door.
    45 | D:1      | Found a large runed translucent door.
   121 | D:1      | Reached XP level 2. HP: 19/21 MP: 2/2
   199 | D:1      | Got Cuiv Oji's Atlas of Snowy Summoning
   284 | D:1      | Reached skill level 3 in Unarmed Combat
   688 | D:1      | Reached XP level 3. HP: 19/26 MP: 1/3
  1062 | D:2      | Reached XP level 4. HP: 20/33 MP: 4/4
  1742 | D:2      | Found a faded altar of an unknown god.
  2024 | D:3      | Reached XP level 5. HP: 37/37 MP: 5/5
  2049 | D:3      | Reached skill level 4 in Unarmed Combat
  2049 | D:3      | Reached skill level 1 in Shapeshifting
  2904 | D:3      | Learned a level 3 spell: Confusing Touch
  2973 | D:4      | Noticed Natasha
  2979 | D:4      | Killed Natasha
  2980 | D:4      | Reached XP level 6. HP: 43/43 MP: 6/6
  2988 | D:4      | Noticed Grinder
  2989 | D:4      | Found a staircase to the Ecumenical Temple.
  2996 | D:4      | Killed Grinder
  2997 | D:4      | Reached skill level 5 in Unarmed Combat
  2997 | D:4      | Reached XP level 7. HP: 37/48 MP: 4/7
  3101 | Temple   | Entered the Ecumenical Temple
  3133 | Temple   | Became a worshipper of Gozag Ym Sagoz the Greedy
  3348 | D:4      | Found a shadowy altar of Dithmenos.
  3353 | D:4      | Noticed Dowan
  3357 | D:4      | Noticed Duvessa
  3367 | D:4      | Killed Duvessa
  3371 | D:4      | Killed Dowan
  3624 | D:4      | Noticed Natasha
  3636 | D:4      | Killed Natasha
  3658 | D:4      | Noticed Natasha
  3663 | D:4      | Killed Natasha
  4065 | D:4      | HP: 1/48 [orc/+0 short sword (2)]
  4065 | D:4      | Slain by a phantom

Illustrated notes

Levels and vault maps discovered:
D:1:      erik_arrival_cave_to_civilisation [erik_arrival_cave_to_temple],
          layout_basic
D:2:      layout_loops_cross, shapermc_ecumenical_altar_petra, minmay_tall_x
D:3:      layout_basic, dk_noncrumbling_2, supply_closet_lemuel,
          kennysheep_another_room, minmay_quantized
D:4:      minmay_chambers_of_twos, layout_basic, nicolae_dithmenos_the_darkroom,
          minmay_temple_entry_arrows, uniq_duvessa, uniq_natasha, uniq_pikel,
          uniq_grinder
Temple:   regret_index_temple_waves

Skill      XL: |  1  2  3  4  5  6  7 |
---------------+----------------------+-----
Unarmed Combat | 3 4 5 |  5.6
Fighting       | 4 |  4.3
Shapeshifting  | 1 2 3 |  3.4
Shields        | 4 |  4.9
Dodging        | |  3.0

Action                     |  1- 3 |  4- 6 |  7- 9 || total
---------------------------+-------+-------+-------++-------
  Melee: Unarmed           |    77 |    11 |       ||    88
         Constrict         |    24 |    27 |    16 ||    67
         Tentacles         |    15 |    19 |    17 ||    51
         Punch             |     4 |       |       ||     4
         Whip              |       |    72 |    64 ||   136
  Evoke: Wand              |       |       |     1 ||     1
    Use: Potion            |       |     1 |     2 ||     3
         Scroll            |       |     2 |       ||     2
   Stab: Sleeping          |     8 |     9 |       ||    17
         Distracted        |       |       |     1 ||     1
 Armour: Skin              |    28 |    33 |    40 ||   101
  Dodge: Dodged            |    39 |    39 |    27 ||   105
  Block: Buckler           |     9 |    13 |    12 ||    34

Table legend: (Time is in decaauts)
 A = Elapsed time spent in this place.
 B = Non-inter-level travel time spent in this place.
 C = Inter-level travel time spent in this place.
 D = Time resting spent in this place.
 E = Time spent auto-exploring this place.
 F = Levels seen in this place.
 G = Mean time per level.
                   A        B        C        D        E       F      G
               +--------+--------+--------+--------+--------+-----+--------+
         Total |   4082 |   3832 |    250 |    140 |   2999 |   5 |  816.4 |
       Dungeon |   4017 |   3829 |    188 |    140 |   2999 |   4 | 1004.2 |
        Temple |     64 |      2 |     62 |      0 |      0 |   1 |   64.0 |
               +--------+--------+--------+--------+--------+-----+--------+

Top non-repeatable levels by time:
     D:4: 1087 daAuts
     D:1: 1023 daAuts
     D:3: 969 daAuts
     D:2: 937 daAuts
  Temple: 64 daAuts
